 Dungeon Crawl Stone Soup version 0.30-a0-782-ge64f9170bb (webtiles) character file.

Game seed: 7400181820196986020

130 cheesebisquit the Chopper (level 5, 0/47 HPs)
             Began as a Hill Orc Monk on Feb 18, 2023.
             Succumbed to a scorpion's poison
             ... on level 4 of the Dungeon.
             The game lasted 00:10:16 (2775 turns).

cheesebisquit the Chopper (Hill Orc Monk)           Turns: 2775, Time: 00:10:17

Health: 0/47       AC:  7    Str: 16    XL:     5   Next: 13%
Magic:  5/5        EV: 10    Int: 10    God:
Gold:   102        SH:  0    Dex: 13    Spells: 4/4 levels left

rFire   . . .      SeeInvis .    a - +0 hand axe
rCold   . . .      Faith    .    (no shield)
rNeg    . . .      Spirit   .    n - +0 scale mail
rPois   .          Reflect  .    (no helmet)
rElec   .          Harm     .    (no cloak)
rCorr   .          Rampage  .    q - +0 pair of gloves
Will    .....                    (no boots) Stlth
                                 (no amulet)
HPRegen 0.27/turn                (no ring)
MPRegen 0.09/turn                (no ring)

@: lethally poisoned (0 -> -9)
A: no striking features
a: no special abilities


You were on level 4 of the Dungeon.
You visited 1 branch of the dungeon, and saw 4 of its levels.

You collected 102 gold pieces.

Inventory:

Hand Weapons
 a - a +0 hand axe (weapon)
Missiles
 i - 3 javelins (quivered)
 p - 10 poisoned darts
Armour
 b - a +0 robe
 n - a +0 scale mail (worn)
 q - a +0 pair of gloves (worn)
Wands
 c - a wand of flame (3)
Scrolls
 d - 3 scrolls of blinking {unknown}
 e - 2 scrolls of noise {unknown}
 f - 3 scrolls of teleportation {unknown}
 h - 2 scrolls of magic mapping {unknown}
 j - a scroll of identify {unknown}
 l - a scroll of acquirement {unknown}
 o - a scroll of fog {unknown}
Potions
 g - a potion of magic {unknown}
 k - a potion of curing
 m - a potion of berserk rage {unknown}


   Skills:
 + Level 4.6 Fighting
 * Level 6.0 Axes
 + Level 2.3 Armour
 - Level 2.4 Dodging
 - Level 1.5 Stealth


You had 4 spell levels left.
You didn't know any spells.
Your spell library contained the following spells:

 Spells                   Type           Power      Damage    Failure   Level
 Magic Dart               Conj           0%         1d3       80%         1
 Searing Ray              Conj           0%         2d4       90%         2
 Fulminant Prism          Conj/Hex       0%         3d5       100%        4


Dungeon Overview and Level Annotations

Branches:
Dungeon (4/15)
 Temple: D:4-7

Altars:
Elyvilon
Kikubaaqudgha
Qazlal
Vehumet

Shops:
D:2 :


Message History

You feel sick. The scorpion closely misses you.
You hit the scorpion.
The scorpion is severely wounded.
You feel sick. The scorpion stings you.
You are more poisoned.
The scorpion poisons you! The scorpion stings you.
You completely miss the scorpion.
The scorpion is severely wounded.
You feel very sick. The scorpion misses you.
You hit the scorpion.
The scorpion is severely wounded.
You feel sick. The scorpion closely misses you.
You barely miss the scorpion.
The scorpion is severely wounded.
You feel sick.
The scorpion stings you but does no damage.
You hit the scorpion.
The scorpion is almost dead.
You feel sick. The scorpion closely misses you.
You hit the scorpion but do no damage.
The scorpion is almost dead.
You feel sick. The scorpion barely misses you.
The scorpion stings you but does no damage.
You barely miss the scorpion.
The scorpion is almost dead.
You feel sick. The scorpion stings you.
* * * LOW HITPOINT WARNING * * *
You barely miss the scorpion.
The scorpion is almost dead.
You feel sick. The scorpion misses you.
You hit the scorpion but do no damage.
The scorpion is almost dead.
You feel sick. The scorpion stings you.
* * * LOW HITPOINT WARNING * * *
You are lethally poisoned!
The scorpion poisons you!
You hit the scorpion but do no damage.
The scorpion is almost dead.
You die...

... #...... .......#
##....... . .......#
####....... ..
......###.#......# ...
................#.#
....##...#............#
...?.....#.....<.......
#........#..##...##....
#...>s@..#..#..## #
###......#....##
#......#....##
#...#...###...#
........## ##..#
###...#### #### ##(. ##


You could see a scorpion.

Vanquished Creatures
  5 gnolls
  3 adders
  2 worms
  A dart slug (D:1)
  An orc (D:3)
  6 bats
  3 endoplasms
  A giant cockroach (D:1)
  7 goblins
  6 hobgoblins
  A quokka (D:3)
  3 ball pythons
  5 frilled lizards
  4 kobolds
  A rat (D:3)
49 creatures vanquished.

Vanquished Creatures (others)
  11 fungi (D:3)
  3 plants (D:1)
14 creatures vanquished.

Grand Total: 63 creatures vanquished

Notes
Turn   | Place    | Note
-------+----------+-------------------------------------------
     0 | D:1      | cheesebisquit the Hill Orc Monk began the quest for the
                  | Orb.
     0 | D:1      | Reached XP level 1. HP: 19/19 MP: 1/1
   206 | D:1      | Reached XP level 2. HP: 13/27 MP: 2/2
   334 | D:1      | Reached skill level 1 in Armour
   934 | D:1      | Reached XP level 3. HP: 28/33 MP: 3/3
  1072 | D:2      | Found a stormy altar of Qazlal.
  1212 | D:2      | Reached skill level 5 in Axes
  1637 | D:2      | Found Tododum's Book Shoppe.
  1845 | D:3      | Reached XP level 4. HP: 40/40 MP: 4/4
  1881 | D:3      | Found a radiant altar of Vehumet.
  2085 | D:3      | Reached XP level 5. HP: 38/47 MP: 5/5
  2340 | D:3      | Found an ancient bone altar of Kikubaaqudgha.
  2369 | D:3      | Found a white marble altar of Elyvilon.
  2382 | D:3      | Reached skill level 6 in Axes
  2774 | D:4      | HP: 2/47 [scorpion (2)]
  2775 | D:4      | Succumbed to a scorpion's poison

Illustrated notes

Levels and vault maps discovered:
D:1:      matt_arrival_grand_opening, layout_rooms, serial_co_window_serial,
          co_window_paths_a, co_window_corner_a, co_window_corner_a,
          co_window_of_opportunity_a, co_window_cross_1, co_window_cross_4,
          co_window_unsneaky_path_d, co_window_broadway_b, co_window_paths_c,
          co_window_paths_d, glass_columns_c, glass_columns_a, glass_columns_b,
          glass_columns_a, nicolae_grassy_gnolls
D:2:      layout_loops_ring, serial_shops, shop, basic_altar,
          grunt_decor_mini_mirrors
D:3:      layout_loops_ring, vehumet_altar_wand_db,
          mainiacjoe_overflow_catch_the_wave
D:4:      layout_cave_pools, mainiacjoe_overflow_boulevard,
          mainiacjoe_overflow_24_doors, gammafunk_ghost_cemetery, serial_shops,
          shop, uniq_sigmund

Skill      XL: |  1  2  3  4  5 |
---------------+----------------+-----
Armour         | 1 2 |  2.3
Fighting       | 4 |  4.6
Axes           | 5 6 |  6.0
Dodging        | |  2.4
Stealth        | |  1.5

Action                     |  1- 3 |  4- 6 || total
---------------------------+-------+-------++-------
  Melee: Hand axe          |   108 |   131 ||   239
         Punch             |     1 |       ||     1
  Throw: Javelin           |     3 |     3 ||     6
         Throwing net      |       |     1 ||     1
    Use: Potion            |     1 |     4 ||     5
   Stab: Sleeping          |     1 |       ||     1
         Invisible         |       |     1 ||     1
 Armour: Robe              |     9 |       ||     9
         Scale mail        |    14 |    44 ||    58
  Dodge: Dodged            |    67 |    84 ||   151

Table legend: (Time is in decaauts)
 A = Elapsed time spent in this place.
 B = Non-inter-level travel time spent in this place.
 C = Inter-level travel time spent in this place.
 D = Time resting spent in this place.
 E = Time spent auto-exploring this place.
 F = Levels seen in this place.
 G = Mean time per level.
                   A        B        C        D        E       F      G
               +--------+--------+--------+--------+--------+-----+--------+
         Total |   2785 |   2703 |     82 |      3 |   2176 |   4 |  696.2 |
       Dungeon |   2785 |   2703 |     82 |      3 |   2176 |   4 |  696.2 |
               +--------+--------+--------+--------+--------+-----+--------+

Top non-repeatable levels by time:
     D:1: 1026 daAuts
     D:3: 913 daAuts
     D:2: 806 daAuts
     D:4: 38 daAuts
